[Event "45th FIDE Olympiad 2024"]
[Site "Budapest"]
[Date "2024.09.18"]
[Round "7.111"]
[White "Di Berardino, Diego Rafael"]
[Black "Ilkhomi, Jaloliddin"]
[Result "0-1"]
[ECO "C18"]
[WhiteElo "2472"]
[BlackElo "2227"]
[Annotator "ChessBase"]
[PlyCount "122"]
[EventDate "2024.09.05"]
[EventType "team-tourn"]
[EventCountry "HUN"]
[SourceTitle "playchess.com"]
[Source "ChessBase"]
[SourceQuality "1"]
[WhiteTeam "Brazil"]
[BlackTeam "Tajikistan"]
[WhiteTeamCountry "BRA"]
[BlackTeamCountry "TJK"]
[TimeControl "40/5400+30:1800+30"]

1. e4 e6 2. d4 d5 3. Nc3 Bb4 4. e5 c5 5. a3 Bxc3+ 6. bxc3 Qa5 7. Bd2 Qa4 8. Qg4 g6 9. h4 h5 10. Qf4 Qxc2 11. Nf3 Nc6 12. Ng5 Nh6 13. Qf6 O-O 14. Qf4 cxd4 15. cxd4 Qb2 16. Rd1 Qxd4 17. Nxe6 Bxe6 18. Qxd4 Nxd4 19. Bxh6 Nc2+ 20. Kd2 Rfc8 21. a4 Na3 22. Ra1 Nc4+ 23. Bxc4 dxc4 24. Kc3 Rc5 25. Rhe1 Rd8 26. Rad1 Rcd5 27. Rxd5 Rxd5 28. Re3 Rd1 29. Bg5 Kf8 30. Re2 Rd3+ 31. Kc2 Bf5 32. Kb2 Ke8 33. Ka2 Be6 34. Kb1 Bd5 35. f3 Kd7 36. Rd2 Ke6 37. Rxd3 cxd3 38. a5 Kxe5 39. Be3 b6 40. axb6 axb6 41. Kc1 b5 42. Kd2 Bc4 43. Kc3 f6 44. Bd2 Kf5 45. Kd4 g5 46. g3 gxh4 47. gxh4 Ke6 48. Bc3 Bd5 49. Ke3 Kf5 50. Bd2 Bb7 51. Bc3 Ba8 52. Bd2 Ke6 53. Bc3 Bd5 54. Bd2 Bxf3 55. Kxf3 Kd5 56. Ke3 Kc4 57. Ke4 f5+ 58. Ke3 f4+ 59. Ke4 b4 60. Bxb4 f3 61. Ke3 f2 0-1

[Event "45th FIDE Olympiad 2024"]
[Site "Budapest"]
[Date "2024.09.18"]
[Round "7.112"]
[White "Kabilov, Amin"]
[Black "Do Valle Cardoso, Lucas"]
[Result "0-1"]
[ECO "E94"]
[WhiteElo "2212"]
[BlackElo "2364"]
[Annotator "ChessBase"]
[PlyCount "73"]
[EventDate "2024.09.05"]
[EventType "team-tourn"]
[EventCountry "HUN"]
[SourceTitle "playchess.com"]
[Source "ChessBase"]
[SourceQuality "1"]
[WhiteTeam "Tajikistan"]
[BlackTeam "Brazil"]
[WhiteTeamCountry "TJK"]
[BlackTeamCountry "BRA"]
[TimeControl "40/5400+30:1800+30"]

1. d4 Nf6 2. Nf3 g6 3. c4 Bg7 4. Nc3 O-O 5. e4 d6 6. Be2 e5 7. O-O Bg4 8. d5 a5 9. Be3 Na6 10. Rb1 b6 11. Qc2 Nc5 12. b3 Bd7 13. Nd2 Nh5 14. Bxh5 gxh5 15. a3 f5 16. exf5 Bxf5 17. Nde4 Qe8 18. Rbe1 Qg6 19. f3 Bh6 20. Bxh6 Qxh6 21. b4 Nxe4 22. fxe4 Bg6 23. Rxf8+ Rxf8 24. c5 axb4 25. axb4 bxc5 26. bxc5 Qf4 27. c6 h4 28. h3 Rb8 29. Qf2 Qxf2+ 30. Kxf2 Rb3 31. Re3 Kf7 32. g3 hxg3+ 33. Rxg3 Rb4 34. Re3 Kf6 35. h4 Bh5 36. Kg3 Rb3 37. Nd1 0-1

[Event "45th FIDE Olympiad 2024"]
[Site "Budapest"]
[Date "2024.09.18"]
[Round "7.113"]
[White "Gascon Del Nogal, Jose Rafael"]
[Black "Kozak, Adam"]
[Result "1/2-1/2"]
[ECO "E04"]
[WhiteElo "2454"]
[BlackElo "2609"]
[Annotator "TA"]
[PlyCount "101"]
[EventDate "2024.09.05"]
[EventType "team-tourn"]
[EventCountry "HUN"]
[SourceTitle "playchess.com"]
[Source "ChessBase"]
[SourceQuality "1"]
[WhiteTeam "Venezuela"]
[BlackTeam "Hungary B"]
[WhiteTeamCountry "VEN"]
[TimeControl "40/5400+30:1800+30"]

1. d4 Nf6 2. c4 e6 3. g3 d5 4. Nf3 dxc4 5. Bg2 c6 6. O-O b5 7. Ne5 Bb7 8. a4 {And now axb5 would win.} a6 9. b3 cxb3 10. Qxb3 Be7 11. Bb2 {[%mdl 1024] White has compensation.} O-O 12. Nd2 Nd5 13. Rfc1 Qc8 14. e4 Nc7 (14... Nb6 $11 {remains equal.}) 15. Ba3 {White is much more active.} bxa4 16. Qxa4 Bxa3 17. Rxa3 Nb5 18. Rd3 Nd7 19. Nxd7 Qxd7 20. Nb3 Ra7 21. e5 Ba8 22. Nc5 Qe7 23. h4 (23. Nxa6 $2 Nc7 (23... Bb7 $2 24. Bxc6 Rc8 25. Qxb5 $19) 24. Qb4 Nxa6 $19) 23... Rd8 24. Rdd1 (24. Nxa6 $2 Nc7 (24... Bb7 $2 25. Bxc6 Rc8 26. Qxb5 $19) 25. Qb4 Nxa6 $19) 24... h6 25. Be4 (25. Nxa6 $2 Nc7 (25... Bb7 $2 26. Bxc6 Nxd4 27. Bxb7 $19) 26. Bf1 Nxa6 $19) 25... a5 26. Bb1 h5 27. Rd3 g6 28. Rc4 Kg7 29. Rf3 (29. Bc2 {simplifies} Nc7 30. Qa1 Na6 31. Ra3) 29... Rxd4 30. Rxd4 Qxc5 31. Rd8 Qb4 (31... Qxe5 32. Be4 $14) (31... Qe7 $1 $11 {and Black is okay.} 32. Rb8 Qc7) 32. Qc2 $18 {[%cal Of3f7] White threatens Rxf7+! and mate.} Qe7 (32... Na3 33. Rxf7+ Kxf7 34. Qxg6+ Ke7 35. Qf6#) 33. Rd1 (33. Qd3 $18 {and all is fine. Rf6 would now be deadly.} c5 34. Rxa8) 33... c5 $19 34. Rf4 (34. Re3 $142) 34... Qb7 35. f3 Nd4 36. Qf2 Nxf3+ 37. Kf1 Nxe5 {Strongly threatening ...Ng4.} 38. Be4 Qb3 39. Re1 (39. Rb1 Qc4+ 40. Qe2) 39... Ng4 $2 (39... Bxe4 40. Rfxe4 Ng4 41. Rxg4 hxg4 42. Qxc5 Qf3+ 43. Qf2 Qxf2+ 44. Kxf2 a4) 40. Qxc5 Qxg3 $2 (40... Bxe4 $19 41. Qxa7 Qd3+ (41... Qxg3 42. Qxf7+ Kh6 43. Qf8+ Kh7 44. Rf7#) 42. Re2 Qb1+ (42... Qxg3 43. Qxf7+ Kh8 44. Qf8+ Kh7 45. Rf7#) 43. Re1 Bd3+ 44. Kg2 Qa2+ (44... Qxe1 45. Qxf7+ Kh8 46. Qf8+ Kh7 47. Rf7#) 45. Rf2 Qd5+ (45... Nxf2 46. Qxf2 Qd5+ 47. Kg1 $17) 46. Kg1 e5 (46... Nxf2 47. Qxf2 e5 48. Qb2 $17)) 41. Rxg4 $16 hxg4 42. Qxa7 Qh3+ 43. Ke2 Qh2+ {[#]} 44. Kd3 $1 {The board is on fire.} (44. Qf2 Qe5 45. Kd3 Qb5+ 46. Kd2 Qb4+ 47. Kd3 Bxe4+ 48. Rxe4 Qb3+ 49. Kd2 Qb2+ 50. Ke3 Qc3+ 51. Kf4 Qc7+ 52. Ke3 (52. Kxg4 $2 f5+ 53. Kh3 fxe4 $19) 52... Qb6+ 53. Ke2 Qb5+ 54. Kd2 Qb2+ 55. Ke3 Qc3+ 56. Ke2 Qc2+ 57. Ke3 Qc5+ 58. Ke2 Qc2+ 59. Ke3 Qc3+ $11) 44... Qg3+ {[#]} 45. Qe3 $1 ({Not} 45. Kd2 Qd6+ 46. Kc2 Bxe4+ (46... Qb4 47. Qe3 $16) 47. Rxe4 Qc6+ 48. Kd3 Qb5+ 49. Kc3 Qc6+ 50. Rc4 Qf3+ 51. Kb2 Qe2+ 52. Rc2 Qb5+ 53. Kc1 Qf1+ 54. Kb2 Qb5+ 55. Kc1 Qf1+ 56. Kb2 Qb5+ $11) 45... Bxe4+ (45... Qxh4 $2 {too greedy.} 46. Bxa8 Kf8 47. Rh1 Qd8+ 48. Qd4 Qxd4+ 49. Kxd4 $18) 46. Kxe4 Qxh4 47. Qc3+ Kg8 (47... Kf8 $142) 48. Qc8+ $2 (48. Qxa5 $16 {Qa8+ is the strong threat.} Qg3 49. Qd8+ Kg7 50. Qd4+ Kg8 51. Re3 Qg2+ 52. Kf4) 48... Kg7 $11 49. Qc3+ (49. Rc1 $11) 49... Kg8 $1 $16 50. Qc8+ ({Better is} 50. Qxa5 $16 {aiming for Qa8+.} Qg3 51. Qd8+ Kg7 52. Qd4+ Kg8 53. Re3 Qg2+ 54. Kf4) 50... Kg7 $11 51. Qc3+ {Weighted Error Value: White=0.49/Black=0.34.  Loses game:     	---       	Black=1      Missed win:     	White=1     	---        Mistake:       	White=5     	Black=3      Inaccurate:     	White=2     	Black=1      OK:         	White=11    	Black=18     Best:        	White=4     	Black=6      Strong:       	White=2     	Black=1} 1/2-1/2

[Event "45th FIDE Olympiad 2024"]
[Site "Budapest"]
[Date "2024.09.18"]
[Round "7.114"]
[White "Banusz, Tamas"]
[Black "Ynojosa Aponte, Felix Jose"]
[Result "1-0"]
[ECO "A30"]
[WhiteElo "2605"]
[BlackElo "2398"]
[Annotator "TA"]
[PlyCount "77"]
[EventDate "2024.09.05"]
[EventType "team-tourn"]
[EventCountry "HUN"]
[SourceTitle "playchess.com"]
[Source "ChessBase"]
[SourceQuality "1"]
[WhiteTeam "Hungary B"]
[BlackTeam "Venezuela"]
[BlackTeamCountry "VEN"]
[TimeControl "40/5400+30:1800+30"]

1. Nf3 c5 2. c4 Nf6 3. g3 b6 4. Bg2 Bb7 5. O-O e6 6. Nc3 Be7 7. d4 cxd4 8. Qxd4 d6 9. Rd1 Nbd7 10. Nb5 d5 $1 11. cxd5 Bxd5 {White is slightly better.} 12. Bf4 O-O 13. Rac1 Bc5 $1 14. Qa4 {Threatening b4.} Ne4 (14... a6 $11 15. Nc3 (15. Nc7 b5 $11) 15... b5) 15. e3 $1 $16 (15. Nxa7 $2 Nxf2 16. Rxd5 exd5 17. Rxc5 Nxc5 $19) 15... Ndf6 16. Nc7 {White has more active pieces.} (16. Nxa7 $2 Qe7 17. Qb5 Rxa7 $19 (17... Qxa7 $2 18. Nd4 $19)) 16... Ng4 {[#]} 17. Nxd5 (17. b4 $142 $1 Nexf2 18. Nxd5 (18. bxc5 Nxd1 19. e4 Nb2 $16) 18... Nxd1 19. Rxd1 (19. bxc5 Qxd5 $16) 19... exd5 20. bxc5 bxc5 21. Ne5) 17... exd5 18. Rc2 ({Better is} 18. Qb3 $16) 18... Re8 (18... Nexf2 $1 $14 19. Rxf2 Nxe3) 19. Qb3 Qf6 20. Rxd5 (20. Qxd5 $2 Rad8 21. h4 Rxd5 $19) 20... Nexf2 21. Rxf2 (21. Rdxc5 $16 bxc5 22. h3 (22. Rxf2 Nxf2 23. Kxf2 a5 $11)) 21... Rxe3 $2 {[#] This costs Black the game.} (21... Bxe3 $11 {and Black stays safe.} 22. Bxe3 Rxe3) 22. Qc2 $1 $18 {[%cal Od5c5] Threatens to win with Rxc5!} (22. Bxe3 Bxe3 23. Kf1 (23. Rdd2 Rc8 $17) 23... Bxf2 $17) 22... Re1+ $2 (22... Rxf3 $2 23. Rxc5 bxc5 24. Rxf3 $18 (24. Bxf3 Nxf2 25. Bxa8 Nh3+ 26. Kh1 Nxf4 $18)) (22... Nxf2 23. Rxc5 (23. Qxf2 $2 Re2 $19) 23... Nh3+ 24. Bxh3 bxc5 25. Bxe3 Qxf3 26. Qxc5 (26. Bxc5 Rd8 $18) 26... Rd8) 23. Nxe1 {aiming for Rxc5.} Bxf2+ 24. Kh1 ({Resist} 24. Kf1 Bxg3 25. Rf5 Bxf4 26. Rxf6 (26. Bxa8 $2 {too greedy.} Ne3+ 27. Ke2 Qxf5 $19) 26... Ne3+ 27. Kg1 Nxc2 28. Rxf4 Rc8 29. Nxc2 Rxc2 $18) 24... Re8 (24... Bxe1 $2 {is the wrong capture.} 25. Rd6 Re8 26. Rxf6 $18) 25. Nf3 {Black must now prevent Rg5.} Be3 26. Bxe3 Nxe3 27. Qe2 Qc6 28. Rd3 Nxg2 29. Qxg2 Qc4 30. Qd2 Qxa2 31. Rd8 Qa4 32. Qd7 Qxd7 33. Rxd7 {[%mdl 4096] Endgame. KRN-KR} h6 34. Rxa7 Re2 35. b3 g5 36. Nd4 Re4 37. Rd7 h5 38. Kg2 g4 (38... Re1 $142 39. Rd5 f6) 39. Kf2 {Weighted Error Value: White=0.21 (precise) /Black=0.45.  Loses game:     	---       	Black=1      Mistake:       	White=3     	Black=5      Inaccurate:     	White=2     	Black=1      OK:         	White=6     	Black=10     Best:        	White=2     	Black=1      Strong:       	White=2     	Black=2} 1-0

[Event "45th FIDE Olympiad 2024"]
[Site "Budapest"]
[Date "2024.09.18"]
[Round "7.115"]
[White "Escalona Landi, Samid Eduardo"]
[Black "Prohaszka, Peter"]
[Result "0-1"]
[ECO "B14"]
[WhiteElo "2305"]
[BlackElo "2542"]
[Annotator "TA"]
[PlyCount "78"]
[EventDate "2024.09.05"]
[EventType "team-tourn"]
[EventCountry "HUN"]
[SourceTitle "playchess.com"]
[Source "ChessBase"]
[SourceQuality "1"]
[WhiteTeam "Venezuela"]
[BlackTeam "Hungary B"]
[WhiteTeamCountry "VEN"]
[TimeControl "40/5400+30:1800+30"]

1. e4 c6 2. d4 d5 3. exd5 cxd5 4. c4 Nf6 5. Nc3 Nc6 6. Nf3 e6 7. c5 Be7 8. Bb5 O-O 9. O-O Bd7 10. Re1 a6 11. Bxc6 Bxc6 12. Ne5 Nd7 {White is slightly better.} 13. Nxc6 bxc6 14. b4 Bf6 15. Rb1 Re8 16. f4 g6 17. Be3 Bg7 18. Qd2 Nf6 19. h3 Ne4 20. Qc2 f5 21. a4 Qh4 22. Rf1 Reb8 23. Nxe4 fxe4 24. Kh2 Qe7 25. Rb3 Rf8 26. Rfb1 g5 27. fxg5 e5 28. Qd2 exd4 29. Bxd4 Be5+ 30. Kg1 Qg7 31. Rd1 Rf5 32. b5 (32. g4 {simplifies} Bxd4+ 33. Qxd4 Qxd4+ 34. Rxd4 Rxg5 35. b5) 32... axb5 33. axb5 Raf8 (33... cxb5 $11 34. Bxe5 (34. Rxb5 Bxd4+ 35. Qxd4 Qxd4+ 36. Rxd4 Ra1+ 37. Kh2 e3 $11) 34... Qxe5) 34. Rb4 (34. Bxe5 $14 Qxe5 35. g6 (35. bxc6 d4 $11)) 34... cxb5 $11 35. h4 (35. Rxb5 {is a self mate.} Bxd4+ (35... Qxg5 36. Qxg5+ Rxg5 37. Bxe5 $11) (35... Rf1+ $2 36. Rxf1 Bxd4+ 37. Rf2 $19) 36. Kh1 Rf1+ 37. Rxf1 Rxf1+ 38. Kh2 Qe5+ 39. g3 Rf2+) 35... Qc7 36. Bxe5 $1 Qxe5 37. Qd4 Qg3 {And now ...e3 would win.} 38. Rxb5 {aiming for Rb7.} e3 {[%cal Of5f1] ( -> ...Rf1+!). Some like it hot} 39. Rb7 $2 {[%mdl 8192] [#]} (39. Rb2 $11) 39... Rf1+ $3 {[%mdl 33280] Weighted Error Value: White=0.26 (precise) /Black=0.05 (flawless) .  Loses game:     	White=1     	---        Mistake:       	White=1     	Black=1      Inaccurate:     	White=1     	---        OK:         	White=10    	Black=16     Best:        	White=1     	---        Strong:       	White=1     	---        Brilliant:      	---       	Black=1     . Loss on time!?} 0-1

[Event "45th FIDE Olympiad 2024"]
[Site "Budapest"]
[Date "2024.09.18"]
[Round "7.116"]
[White "Antal, Gergely"]
[Black "Castro Torres, Jose Luis"]
[Result "1-0"]
[ECO "B30"]
[WhiteElo "2544"]
[BlackElo "2299"]
[Annotator "TA"]
[PlyCount "136"]
[EventDate "2024.09.05"]
[EventType "team-tourn"]
[EventCountry "HUN"]
[SourceTitle "playchess.com"]
[Source "ChessBase"]
[SourceQuality "1"]
[WhiteTeam "Hungary B"]
[BlackTeam "Venezuela"]
[BlackTeamCountry "VEN"]
[TimeControl "40/5400+30:1800+30"]

1. e4 c5 2. Nf3 Nc6 3. Bb5 e6 4. Bxc6 bxc6 5. d3 Ne7 6. Nbd2 Ng6 (6... d5 $11) 7. h4 $1 $14 h5 8. e5 {White is slightly better.} f6 9. Qe2 Qc7 (9... Qa5 $14 {should be considered.}) 10. Nc4 $16 d5 {Dodges Qe4} 11. exd6 Bxd6 12. Nfd2 Be7 13. Ne4 e5 14. Be3 {White is much more active.} Nf4 15. Bxf4 exf4 16. Ned6+ {Excellent horsemanship.} ({Much less strong is} 16. Nxc5 $6 Kf7 17. Ne4 Bg4 $16) 16... Kf8 17. Nxc8 Rxc8 18. O-O-O Rd8 19. Rde1 g6 20. Qf3 Kf7 {Dodges Re6} 21. Re4 {[%cal Oh1e1] aiming for Rhe1!} Rd4 22. Re2 Rhd8 (22... Rd5 {keeps fighting.} 23. Rhe1 Bd8) 23. Rhe1 $18 Bf8 24. a3 R8d7 (24... Qd7 $142 25. Re6 Qd5 26. Rxc6 Be7 27. Qxd5+ R4xd5) 25. Kb1 (25. g4 $1 $18 R4d5 26. Rg1) 25... Re7 $16 26. Rxe7+ Bxe7 27. c3 Rd5 28. Re4 f5 29. Qxf4 Qxf4 30. Rxf4 $18 {[%mdl 4096] Endgame. KRB-KRN} Kg7 (30... Bd8 $16 31. Kc2 Bc7) 31. Kc2 g5 32. hxg5 Bxg5 33. Rf3 Kg6 34. Rh3 f4 35. Nd2 Re5 36. Kd1 {Against Re2} Be7 37. Nf3 Rd5 38. Ke2 Bf6 39. Rh1 Rd7 40. Nd2 Rb7 {[#]} 41. Nc4 Kg5 42. Kf3 Rd7 {[#]} 43. Rd1 Kf5 44. Na5 Rc7 45. Rd2 Rc8 46. Nb3 Be7 47. d4 Rb8 (47... cxd4 $142 48. Nxd4+ Kf6) 48. Na5 ({Less strong is} 48. Nxc5 Bxc5 49. dxc5 Rb3 $18) 48... Rb6 49. Nc4 Rb8 50. Re2 Bf6 51. dxc5 Rb3 52. Nd6+ Kg5 53. Ne4+ Kf5 54. Nxf6 Kxf6 55. Kxf4 {KR-KR} a5 56. Ke4 a4 57. Kd3 Kf5 58. g3 Rb5 59. f3 Kf6 (59... Rxc5 {is a better defense.} 60. Re4 Ra5) 60. g4 h4 $2 (60... Rxc5 61. gxh5 Rxh5) 61. f4 {White is clearly winning.} Rb8 62. Rh2 Rh8 63. Ke4 Rh7 64. Kf3 Ke6 65. Rd2 Rh8 66. Kg2 Rf8 67. Rd4 Rb8 68. Rb4 Kd5 {Weighted Error Value: White=0.12 (very precise) /Black=0.24 (precise) .  Mistake:       	White=1     	Black=8      Inaccurate:     	White=2     	Black=4      OK:         	White=28    	Black=14     Best:        	White=5     	Black=1      Strong:       	White=1     	---} 1-0

[Event "45th FIDE Olympiad 2024"]
[Site "Budapest"]
[Date "2024.09.18"]
[Round "7.117"]
[White "Mohammad Fahad, Rahman"]
[Black "Gazik, Viktor"]
[Result "1-0"]
[ECO "D24"]
[WhiteElo "2419"]
[BlackElo "2561"]
[Annotator "RC"]
[PlyCount "71"]
[EventDate "2024.09.05"]
[EventType "team-tourn"]
[EventCountry "HUN"]
[SourceTitle "playchess.com"]
[Source "ChessBase"]
[SourceQuality "1"]
[WhiteTeam "Bangladesh"]
[BlackTeam "Slovakia"]
[WhiteTeamCountry "BAN"]
[BlackTeamCountry "SVK"]
[TimeControl "40/5400+30:1800+30"]

1. d4 Nf6 2. c4 e6 3. Nf3 d5 4. Nc3 dxc4 5. e4 Bb4 6. Bxc4 Nxe4 7. O-O Nxc3 8. bxc3 Be7 9. Ne5 O-O 10. Qg4 Nc6 11. Bh6 Bf6 12. Rad1 Ne7 13. Rfe1 a6 14. Bb3 Ng6 15. Bc1 Qd6 16. Qh5 Rd8 17. f4 Qf8 18. Bc2 Bd7 19. Re3 Be8 20. Ng4 Kh8 21. Rh3 Qg8 22. Nxf6 gxf6 23. f5 exf5 24. Bxf5 Rd5 25. c4 Ra5 26. a3 Ra4 27. d5 Qg7 28. Bc2 Kg8 29. Bxa4 Bxa4 30. Rf1 Bd7 31. Rb3 b5 32. Bb2 bxc4 33. Rg3 Rb8 34. Bxf6 Qf8 35. Bd4 Rb6 36. Qe5 1-0

[Event "45th FIDE Olympiad 2024"]
[Site "Budapest"]
[Date "2024.09.18"]
[Round "7.118"]
[White "Sahidi, Samir"]
[Black "Hossain, Enamul"]
[Result "1-0"]
[ECO "B48"]
[WhiteElo "2474"]
[BlackElo "2354"]
[Annotator "ChessBase"]
[PlyCount "121"]
[EventDate "2024.09.05"]
[EventType "team-tourn"]
[EventCountry "HUN"]
[SourceTitle "playchess.com"]
[Source "ChessBase"]
[SourceQuality "1"]
[WhiteTeam "Slovakia"]
[BlackTeam "Bangladesh"]
[WhiteTeamCountry "SVK"]
[BlackTeamCountry "BAN"]
[TimeControl "40/5400+30:1800+30"]

1. e4 c5 2. Nf3 e6 3. d4 cxd4 4. Nxd4 Nc6 5. Nc3 Qc7 6. Be3 a6 7. Qd2 Nf6 8. f3 Be7 9. O-O-O b5 10. Nxc6 dxc6 11. Qf2 O-O 12. g4 Rd8 13. Be2 Rxd1+ 14. Rxd1 e5 15. Bb6 Qb7 16. Bc5 h6 17. b3 Be6 18. Kb2 a5 19. a4 Bxc5 20. Qxc5 Nd7 21. Qd6 b4 22. Nd5 cxd5 23. exd5 Bxg4 24. fxg4 Nf6 25. Bc4 e4 26. Qf4 Qd7 27. h3 Rd8 28. d6 Qe8 29. g5 hxg5 30. Qxg5 Qf8 31. Qxa5 Rxd6 32. Rg1 Rc6 33. Qg5 Kh8 34. Kb1 Rc5 35. Qg3 Rf5 36. Rd1 Qe7 37. Re1 g6 38. Qe3 Kg7 39. Qb6 Nd5 40. Qd4+ Nf6 41. Kb2 Kh7 42. Ra1 e3 43. a5 e2 44. Re1 Qc7 45. a6 Rf4 46. Qd3 Qa5 47. Qxe2 Re4 48. Qxe4 Nxe4 49. Rxe4 Qc7 50. Bd3 Qc5 51. Re8 f5 52. Kb1 f4 53. Re6 f3 54. Rxg6 Kh8 55. Rf6 f2 56. Rf7 Kg8 57. a7 Kxf7 58. a8=Q Qe3 59. Qd5+ Kg7 60. h4 Qe1+ 61. Ka2 1-0

[Event "45th FIDE Olympiad 2024"]
[Site "Budapest"]
[Date "2024.09.18"]
[Round "7.119"]
[White "Murshed, Niaz"]
[Black "Druska, Juraj"]
[Result "1/2-1/2"]
[ECO "A84"]
[WhiteElo "2318"]
[BlackElo "2441"]
[Annotator "ChessBase"]
[PlyCount "105"]
[EventDate "2024.09.05"]
[EventType "team-tourn"]
[EventCountry "HUN"]
[SourceTitle "playchess.com"]
[Source "ChessBase"]
[SourceQuality "1"]
[WhiteTeam "Bangladesh"]
[BlackTeam "Slovakia"]
[WhiteTeamCountry "BAN"]
[BlackTeamCountry "SVK"]
[TimeControl "40/5400+30:1800+30"]

1. d4 d5 2. c4 e6 3. Nc3 c6 4. e3 f5 5. Bd3 Bd6 6. Qc2 Nh6 7. f4 O-O 8. Nf3 b6 9. O-O Bb7 10. Rb1 a5 11. Na4 Nd7 12. c5 bxc5 13. dxc5 Bc7 14. b4 e5 15. Be2 axb4 16. Rxb4 Ba6 17. Nb6 Bxe2 18. Qxe2 Ra7 19. Nxd7 Qxd7 20. Nxe5 Bxe5 21. fxe5 Qe7 22. Qb2 Ng4 23. Rb8 Qxe5 24. Rxf8+ Kxf8 25. Qxe5 Nxe5 26. Rxf5+ Nf7 27. Rf2 Kg8 28. Rb2 Ne5 29. Rb8+ Kf7 30. Bb2 Nd3 31. Bd4 g5 32. Rb3 Nc1 33. Rb6 Rxa2 34. Rxc6 Ne2+ 35. Kf1 Nxd4 36. exd4 Rd2 37. Rh6 Rxd4 38. Rxh7+ Kg6 39. Rd7 Rd2 40. g4 Rxh2 41. Rd6+ Kf7 42. Rxd5 Kf6 43. Rf5+ Kg6 44. Rd5 Kf6 45. Rf5+ Kg6 46. Rf2 Rh4 47. Rc2 Rxg4 48. c6 Rf4+ 49. Kg2 Rf8 50. c7 Rc8 51. Kg3 Kf5 52. Rc5+ Ke6 53. Rxg5 1/2-1/2

[Event "45th FIDE Olympiad 2024"]
[Site "Budapest"]
[Date "2024.09.18"]
[Round "7.120"]
[White "Kostolansky, Sebastian Lukas"]
[Black "Zia, Tahsin Tajwar"]
[Result "1/2-1/2"]
[ECO "B12"]
[WhiteElo "2405"]
[BlackElo "2255"]
[Annotator "ChessBase"]
[PlyCount "121"]
[EventDate "2024.09.05"]
[EventType "team-tourn"]
[EventCountry "HUN"]
[SourceTitle "playchess.com"]
[Source "ChessBase"]
[SourceQuality "1"]
[WhiteTeam "Slovakia"]
[BlackTeam "Bangladesh"]
[WhiteTeamCountry "SVK"]
[BlackTeamCountry "BAN"]
[TimeControl "40/5400+30:1800+30"]

1. e4 c6 2. d4 d5 3. e5 c5 4. dxc5 e6 5. Nf3 Bxc5 6. a3 f6 7. b4 Be7 8. Bb5+ Bd7 9. Bd3 Nc6 10. Bb2 Nh6 11. c4 dxc4 12. Bxc4 Nf7 13. O-O Ncxe5 14. Nxe5 Nxe5 15. Bxe5 fxe5 16. Qg4 Bf6 17. Rd1 Qe7 18. Nc3 O-O-O 19. Ne4 Kb8 20. Nc5 Bc6 21. Bxe6 Rxd1+ 22. Rxd1 Rd8 23. Rxd8+ Qxd8 24. Bd7 Bxd7 25. Nxd7+ Kc7 26. Nc5 Qd2 27. g3 b6 28. Ne6+ Kd6 29. Nf8 Qc1+ 30. Kg2 Ke7 31. Nxh7 Qxa3 32. Qc8 Qd3 33. Qf8+ Ke6 34. Qg8+ Ke7 35. Qf8+ Ke6 36. Qe8+ Kf5 37. Qh5+ Ke6 38. Qe8+ Kf5 39. Qh5+ Ke6 40. Qg4+ Kf7 41. Nxf6 gxf6 42. h4 Qd5+ 43. Kg1 a5 44. bxa5 bxa5 45. h5 Qd3 46. Kg2 Qd5+ 47. Kh2 Qd3 48. Kg1 Qb1+ 49. Kg2 Qd3 50. Kh2 Qc2 51. Qd7+ Kf8 52. Qd6+ Kf7 53. Qd5+ Kg7 54. Qf3 a4 55. Kg2 f5 56. Qb7+ Kh6 57. Qf7 Qe4+ 58. Kh2 Qg4 59. Qf6+ Kxh5 60. Qxe5 Qe4 61. Qf6 1/2-1/2

[Event "45th FIDE Olympiad 2024"]
[Site "Budapest"]
[Date "2024.09.18"]
[Round "7.121"]
[White "Camacho Collados, Jose"]
[Black "Tin, Jingyao"]
[Result "0-1"]
[ECO "C28"]
[WhiteElo "2352"]
[BlackElo "2580"]
[Annotator "TA"]
[PlyCount "162"]
[EventDate "2024.09.05"]
[EventType "team-tourn"]
[EventCountry "HUN"]
[SourceTitle "playchess.com"]
[Source "ChessBase"]
[SourceQuality "1"]
[WhiteTeam "Wales"]
[BlackTeam "Singapore"]
[WhiteTeamCountry "WLS"]
[BlackTeamCountry "SIN"]
[TimeControl "40/5400+30:1800+30"]

1. e4 e5 2. Nc3 Nc6 3. Bc4 Nf6 4. d3 Na5 5. Qf3 Nxc4 6. dxc4 {C28: Vienna Game: 2...Nf6 3 Bc4 Nc6.} Bb4 7. a3 $146 ({Predecessor:} 7. Nge2 d6 8. O-O c6 9. a3 Bc5 10. b4 Bb6 11. Qd3 Be6 12. Na4 Bc7 13. Nec3 {½-½ Paichadze,L (2581)-Safarli,E (2639) EU-ch 19th Batumi 2018 (6)}) 7... Bxc3+ 8. Qxc3 d6 9. f3 Be6 10. Be3 O-O 11. Ne2 Nd7 12. g4 a6 13. Ng3 b5 14. cxb5 axb5 15. Qd2 Rb8 16. Nf5 Nb6 17. Bxb6 Rxb6 18. h4 d5 19. exd5 Bxf5 20. gxf5 Qd7 21. Rg1 Qxf5 22. Qg5 Qxg5 23. Rxg5 f6 24. Rg4 Ra8 25. O-O-O Kf7 26. c4 f5 27. Rg5 g6 28. c5 Rba6 29. h5 Ra4 30. hxg6+ hxg6 31. Rg2 b4 32. axb4 Rxb4 33. Kb1 Rc4 34. c6 Rd8 35. Rc2 Rxc2 36. Kxc2 Ke7 37. Rg1 Kd6 (37... Rxd5 38. Rxg6 Rd4 39. Kc3) 38. Rxg6+ Kxd5 39. Rf6 (39. Rg5 $1 $11 {remains equal.}) 39... f4 $17 40. b4 Rb8 $1 41. Kc3 Rb6 $1 42. Rf7 Rxc6+ ({Reject} 42... Kxc6 43. Kc4 $11) 43. Kd3 Rc1 ({Better is} 43... Ke6 $1 $17 44. Rh7 Rc1) 44. b5 $1 $11 Rc5 45. Rd7+ $1 Ke6 46. Rh7 Rxb5 47. Rxc7 Rb2 48. Rc2 $1 Rb8 49. Ke2 Kf5 50. Rc7 Rb2+ 51. Kf1 Rb8 52. Ke2 $1 Kg5 53. Rg7+ Kf6 54. Ra7 Ke6 55. Ra5 Kf6 56. Ra7 $1 Kg5 57. Rg7+ Kf5 58. Ra7 Kf6 59. Ra5 Rb2+ 60. Ke1 Kg5 61. Rxe5+ Kh4 62. Kf1 Kg3 63. Ra5 Rb3 $1 ({But not} 63... Kxf3 $6 64. Ra3+ Kg4 65. Ra7 $11) 64. Ra2 $2 {[%mdl 8192] [#]} (64. Ra6 $17) 64... Rb1+ $1 ({Not} 64... Kxf3 65. Rf2+ Kg4 66. Rd2 $11) 65. Ke2 {[#]} Kg2 $1 66. Ra3 Rb8 67. Rc3 Re8+ 68. Kd2 Kf2 69. Rd3 Re7 70. Ra3 Rd7+ 71. Kc2 Ke2 72. Rc3 Rd2+ 73. Kc1 Rd3 74. Rc8 Kxf3 75. Kc2 Rd7 76. Re8 Kf2 77. Kc3 f3 78. Kc2 Kf1 79. Kc3 f2 80. Re6 Rg7 81. Kd2 Kg1 0-1